 Dungeon Crawl Stone Soup version 0.28.0-53-g5a82cb258f (webtiles) character file.

Game seed: 10405837505313934294

6331 Metae the Fighter (level 10, -6/94 HPs)
             Began as a Minotaur Fighter on July 13, 2022.
             Was an Elder of Okawaru.
             Mangled by an orc warrior
             ... wielding a +0 glaive
              (21 damage)
             ... in a bailey.
             The game lasted 00:44:24 (10837 turns).

Metae the Fighter (Minotaur Fighter)               Turns: 10837, Time: 00:44:24

Health: -6/94      AC: 16    Str: 24    XL:     10   Next: 64%
Magic:  11/13      EV: 10    Int:  5    God:    Okawaru [****..]
Gold:   246        SH:  6    Dex: 11    Spells: 9/9 levels left

rFire   . . .      SeeInvis .   a - +1 falchion (elec)
rCold   . . .      Faith    .   c - +0 buckler
rNeg    . . .      Spirit   .   g - +0 chain mail
rPois   .          Reflect  .   (helmet restricted)
rElec   .          Harm     .   y - +0 cloak
rCorr   .          Rampage  .   z - +0 pair of gloves
Will    .....                   (no boots)
Stlth   ..........              (no amulet)
HPRegen 0.25/turn               (no ring)
MPRegen 0.13/turn               (no ring)

@: heroic
A: horns 2, retaliatory headbutt
a: Renounce Religion, Heroism, Finesse


You were in a bailey.
You worshipped Okawaru.
Okawaru was greatly pleased with you.
You visited 2 branches of the dungeon, and saw 9 of its levels.
You also visited: Bailey.

You collected 480 gold pieces.
You spent 234 gold pieces at shops.

Inventory:

Hand Weapons
 a - a +1 falchion of electrocution (weapon)
 b - a +2 hand crossbow of freezing
 q - a +0 flail
Missiles
 e - 155 arrows
 i - 4 datura-tipped darts
 j - 240 stones (quivered)
 n - 15 javelins
 v - 33 poisoned darts
 B - 57 bolts
 D - 20 sling bullets
Armour
 c - a +0 buckler (worn)
 g - a +0 chain mail (worn)
 y - a +0 cloak (worn)
 z - a +0 pair of gloves (worn)
 A - +0 steam dragon scales
 F - a +0 plate armour
Wands
 s - a wand of polymorph (9)
Scrolls
 f - a scroll of holy word
 h - 2 scrolls of noise
 p - 2 scrolls of identify
 x - a scroll of teleportation
 C - a scroll of enchant weapon
 E - a scroll of brand weapon
Potions
 d - 2 potions of might
 k - a potion of haste {unknown}
 l - 2 potions of brilliance {unknown}
 m - a potion of berserk rage {unknown}
 o - 3 potions of mutation
 r - 2 potions of lignification
 t - a potion of heal wounds
 u - a potion of flight {unknown}
 w - 2 potions of magic {unknown}


   Skills:
 + Level 10.5(15.5) Fighting
 + Level 9.3(14.3) Long Blades
 - Level 3.9(8.9) Maces & Flails
 + Level 5.3(10.3) Crossbows
 - Level 5.3(10.3) Throwing
 + Level 8.2(13.2) Armour
 - Level 3.6(8.6) Shields
 + Level 5.5 Invocations


You had 9 spell levels left.
You didn't know any spells.
Your spell library contained the following spells:

 Spells                   Type           Power      Damage    Failure   Level
 Storm Form               Tmut/Air       0%         N/A       100%        7
 Maxwell's Capacitive Co  Air            0%         ∞         100%        8
 Summon Lightning Spire   Summ/Air       Unusable   N/A       N/A         4

Dungeon Overview and Level Annotations

Branches:
Dungeon (8/15)             Temple (1/1) D:4          Bailey (1/1)
   Lair: D:8-11

Altars:
Ashenzari
Cheibriados
Dithmenos
Fedhas
Gozag
Hepliaklqana
Kikubaaqudgha
Makhleb
Nemelex Xobeh
Okawaru
Qazlal
Ru
Sif Muna
Trog
Uskayaw
Vehumet
Wu Jian
Yredelemnul
Zin
The Shining One

Shops:
D:4 :   D:5 (   D:7 !


Innate Abilities, Weirdness & Mutations

You have a pair of horns on your head.
You reflexively headbutt those who attack you in melee.


Message History

There is an open gate here.
Things that are here:
a +0 glaive; a +0 scale mail
Things that are here:
a +0 spear; a +0 ring mail
Things that are here:
a +0 halberd; a +0 scale mail
There is an open door here.
You feel much better.
The orc warrior hits you from afar with a +0 halberd!
You gain the combat prowess of a mighty hero.
You block the orc warrior's attack. You block the orc warrior's attack.
You block the orc warrior's attack.
The orc warrior hits you with a +0 glaive!
* * * LOW HITPOINT WARNING * * *
The orc hits you from afar with a +0 trident.
* * * LOW HITPOINT WARNING * * *
You hit the orc warrior.
The orc warrior is lightly wounded.
The orc warrior closely misses you. You furiously retaliate!
You headbutt the orc warrior. You closely miss the orc warrior.
The orc warrior is lightly wounded.
The orc warrior closely misses you. You furiously retaliate!
You headbutt the orc warrior. The orc barely misses you.
The orc warrior barely misses you.
You hit the orc warrior.
The orc warrior is moderately wounded.
The orc warrior closely misses you. You furiously retaliate!
You headbutt the orc warrior, but do no damage.
You slash the orc warrior! You headbutt the orc warrior.
The orc warrior is severely wounded.
The orc barely misses you.
The orc warrior hits you with a +0 halberd!
* * * LOW HITPOINT WARNING * * *
You completely miss the orc warrior. You headbutt the orc warrior!
The orc warrior is almost dead.
The orc warrior hits you with a +0 glaive!!
You die...

######### ##≈≈≈≈≈≈≈##
##≈≈≈...≈≈≈##
####≈≈⌠.....⌠≈≈######
#≈≈≈≈..).)....≈≈≈≈#.##
#...).)≈≈≈≈≈...o..#..##
#...).≈≈...≈≈...@o#..≈#
'..≈)≈≈.≈.≈.≈≈.≈..o..≈#
#.≈≈)≈.≈≈.≈≈.≈.≈≈.#..≈#
#.≈.≈≈)≈...≈)≈≈.≈.#).≈#
#.≈.≈.≈≈...≈≈.≈.≈.#..≈#
#.≈.≈.≈.⌠∩⌠.≈.≈.≈.#..≈#
#.≈.≈.≈..∩..≈.≈.≈.#o.≈#
#.≈.≈.≈.⌠∩⌠.≈.≈.≈.#.o≈#
#.≈.≈.≈≈...≈≈.≈.≈.#..≈#


You could see 2 orc warriors and an orc.

Vanquished Creatures
  Harold (D:7)
  Pikel (D:4)
  Psyche (D:8)
  Grinder (D:3)
  A shadow (D:7)
  Sigmund (D:4)
  Eustachio (D:5)
  2 steam dragons
  3 water moccasins
  A hornet zombie (D:6)
  An ice beast (D:7)
  3 black bears
  5 orc warriors (Bailey)
  3 ogres
  3 necrophages (D:6)
  8 centaurs
  2 kobold brigands
  Blork the orc (D:4)
  A bullfrog (D:6)
  3 wyvern zombies (D:6)
  A gnoll sergeant (D:8)
  2 water moccasin zombies
  A water moccasin skeleton (D:4)
  4 centaur zombies
  A hound (D:6)
  3 jellies
  A bullfrog zombie (D:6)
  4 orc priests
  A bullfrog skeleton (D:5)
  Crazy Yiuf (D:4)
  2 iguanas (D:6)
  Terence (D:3)
  3 orc wizards
  2 killer bee zombies
  3 howler monkey zombies
  Robin (D:3)
  14 gnolls
  A white imp (D:7)
  2 ufetubi (D:6)
  An adder zombie (D:5)
  2 worms (D:3)
  2 dart slugs
  34 orcs
  9 endoplasms
  2 giant cockroaches
  15 goblins
  15 hobgoblins
  9 kobolds
  2 quokkas (D:4)
  8 ball pythons
  9 bats
  2 frilled lizards (D:2)
  6 rats
207 creatures vanquished.

Vanquished Creatures (others)
  2 orcs (D:6)
  A fungus (D:8)
  3 plants (D:8)
6 creatures vanquished.

Grand Total: 213 creatures vanquished

Notes
Turn   | Place    | Note
-------+----------+-------------------------------------------
     0 | D:1      | Metae the Minotaur Fighter began the quest for the Orb.
     0 | D:1      | Reached XP level 1. HP: 19/19 MP: 0/0
   377 | D:1      | Reached XP level 2. HP: 26/27 MP: 1/1
   664 | D:1      | Reached skill level 4 in Fighting
  1112 | D:2      | Reached XP level 3. HP: 26/33 MP: 2/2
  1822 | D:3      | Reached XP level 4. HP: 14/41 MP: 3/3
  2068 | D:3      | Found a faded altar of an unknown god.
  2098 | D:3      | Noticed Robin
  2100 | D:3      | Reached skill level 1 in Throwing
  2104 | D:3      | Killed Robin
  2421 | D:3      | Found a glowing silver altar of Zin.
  2457 | D:3      | Noticed Grinder
  2461 | D:3      | Paralysed by Grinder for 6 turns
  2475 | D:3      | Killed Grinder
  2476 | D:3      | Reached skill level 5 in Fighting
  2476 | D:3      | Reached XP level 5. HP: 17/50 MP: 4/4
  2476 | D:3      | Reached XP level 6. HP: 20/57 MP: 5/5
  2694 | D:3      | Noticed Terence
  2710 | D:3      | Killed Terence
  2772 | D:3      | Reached skill level 6 in Fighting
  3459 | D:4      | Found a staircase to the Ecumenical Temple.
  3461 | D:4      | Noticed Pikel
  3467 | D:4      | Killed Pikel
  3468 | D:4      | Reached skill level 7 in Fighting
  3468 | D:4      | Reached skill level 5 in Long Blades
  3468 | D:4      | Reached XP level 7. HP: 40/66 MP: 6/6
  3616 | Temple   | Entered the Ecumenical Temple
  4011 | D:4      | Reached XP level 8. HP: 73/73 MP: 7/7
  4067 | D:4      | Found an iron altar of Okawaru.
  4103 | D:4      | Became a worshipper of Warmaster Okawaru
  4127 | D:4      | Noticed Blork the orc
  4137 | D:4      | Killed Blork the orc
  4138 | D:4      | Reached skill level 5 in Throwing
  4190 | D:4      | Noticed Sigmund
  4200 | D:4      | Killed Sigmund
  4320 | D:4      | Reached skill level 8 in Fighting
  4557 | D:4      | Found Wuisusch's Book Boutique.
  5013 | D:4      | Found a runed translucent door.
  5014 | D:4      | Noticed Crazy Yiuf
  5020 | D:4      | Killed Crazy Yiuf
  5021 | D:4      | Reached skill level 1 in Invocations
  5133 | D:5      | Entered Level 5 of the Dungeon
  5300 | D:5      | Noticed Eustachio
  5317 | D:5      | Killed Eustachio
  5317 | D:5      | Reached * piety under Okawaru
  5318 | D:5      | Reached skill level 5 in Armour
  5885 | D:5      | Found Rise's Weapon Emporium.
  5895 | D:5      | Bought a +2 hand crossbow of freezing for 201 gold pieces
  5895 | D:5      | Bought 15 bolts for 33 gold pieces
  6497 | D:6      | Reached XP level 9. HP: 82/82 MP: 9/9
  6506 | D:6      | Reached skill level 1 in Crossbows
  6647 | D:6      | Reached skill level 9 in Fighting
  6717 | D:6      | Reached ** piety under Okawaru
  6999 | D:6      | Found a burning altar of Makhleb.
  6999 | D:6      | Found a hazy altar of Hepliaklqana.
  6999 | D:6      | Found an opulent altar of Gozag.
  7032 | D:6      | Found a glowing golden altar of the Shining One.
  8268 | D:7      | Noticed Harold
  8281 | D:7      | Killed Harold
  8281 | D:7      | Reached *** piety under Okawaru
  8282 | D:7      | Reached XP level 10. HP: 71/93 MP: 12/12
  8483 | D:7      | Found Gedic's Distillery.
  8904 | D:7      | Reached skill level 10 in Fighting
  9420 | D:8      | Noticed Psyche
  9446 | D:8      | Paralysed by something for 4 turns
  9452 | D:8      | Killed Psyche
  9453 | D:8      | Reached skill level 5 in Invocations
  9765 | D:8      | Reached **** piety under Okawaru
  9790 | D:8      | Found a flagged portal.
  9906 | Bailey   | Entered a bailey
  9944 | Bailey   | Reached skill level 5 in Crossbows
 10219 | Bailey   | Received a gift from Okawaru
 10837 | Bailey   | Mangled by an orc warrior

Illustrated notes

Levels and vault maps discovered:
D:1:      mainiacjoe_arrival_reflecting_pool, layout_basic, minmay_quantized
D:2:      layout_rooms
D:3:      layout_basic, zin_statuary, hellmonk_ecumenical_altar_leap_of_faith,
          chequers_serial_rivers_small_b, st_stairs_9, minivault_11, uniq_robin,
          uniq_terence, uniq_grinder
D:4:      layout_loops_cross, okawaru_altar_gauntlet_db,
          minmay_temple_entry_wispy, serial_shops, nicolae_diamond_shop,
          uniq_pikel, uniq_crazy_yiuf_cottage, uniq_blork_the_orc, uniq_sigmund
D:5:      layout_basic, serial_shops, kennysheep_mini, uniq_eustachio
D:6:      layout_basic, grunt_temple_overflow_cloverleaf, serial_undead,
          serial_undead_c, serial_undead_f, serial_undead_f, serial_undead_c,
          serial_undead_e, serial_undead_d, minmay_pentangle
D:7:      layout_basic, serial_shops, shop, uniq_harold
D:8:      layout_loops_corners, mainiacjoe_overflow_alcove_2,
          david_lair_generic, enter_bailey_5, uniq_grum, uniq_psyche
Temple:   jpeg_temple_clearing
Bailey:   bailey_polearm_flooded_kennysheep, bailey

Skill      XL: |  1  2  3  4  5  6  7  8  9 10 |
---------------+-------------------------------+-----
Armour         | 4 5 7 8 |  8.2
Fighting       | 4 5 7 8 9 10 | 10.5
Maces & Flails | 3 |  3.9
Throwing       | 2 4 5 |  5.3
Long Blades    | 2 5 7 8 9 |  9.3
Invocations    | 2 4 5 |  5.5
Crossbows      | 4 5 |  5.3
Shields        | |  3.6

Action                   |  1- 3 |  4- 6 |  7- 9 | 10-12 || total
-------------------------+-------+-------+-------+-------++-------
Melee: Flail             |   103 |    27 |       |       ||   130
       Headbutt          |    15 |    14 |    51 |    32 ||   112
       Falchion          |       |    53 |   265 |   133 ||   451
       Unarmed           |       |     6 |       |    14 ||    20
 Fire: Hand crossbow     |       |       |     6 |    59 ||    65
Throw: Stone             |     1 |     5 |     4 |       ||    10
       Javelin           |       |       |     4 |       ||     4
Invok: Heroism           |       |       |       |     2 ||     2
  Use: Scroll            |       |       |       |     8 ||     8
       Potion            |       |       |       |     3 ||     3
Armor: Chain mail        |    72 |    38 |   130 |   105 ||   345
       Scale mail        |     8 |       |       |       ||     8
       Skin              |       |       |       |     8 ||     8
Dodge: Dodged            |    55 |    32 |   112 |    84 ||   283
Block: Buckler           |    22 |    15 |    62 |    43 ||   142
